Map: Último impacto

Players

MrFercho

  • Race: Terran Terran
  • Spawn Location: 5:00

tigro

  • Race: Terran Terran
  • Spawn Location: 5:00

IA (Más difícil)

  • Race: Zerg Zerg
  • Spawn Location: 5:00

IA (Más difícil)

  • Race: Zerg Zerg
  • Spawn Location: 7:00

IA (Más difícil)

  • Race: Terran Terran
  • Spawn Location: 7:00

VOD

Have the link to the VOD?

Description

Time

  • Played on: Nov. 16, 2018, 11:27 p.m.
  • Length: 3:50
Show
View Real Time Build Order
Export as new Build Order

MrFercho Terran 

Build Orders:  

Get SALT Encoding   

  12  0:01  SCV  
  13  0:23  Supply Depot, SCV  
  14  0:41  Refinery  
  14  0:46  SCV  
  15  0:58  SCV  
  16  1:20  Barracks  
  16  1:23  SCV  
  17  1:35  SCV  
  18  1:47  SCV  
  18  2:09  Marine  
  19  2:22  Barracks  
  19  2:27  Marine  
  19  2:44  Marine  
  19  3:02  Marine  
  19  3:10  Barracks Reactor  
  19  3:18  Factory  
  19  3:20  Marine  
Show
View Real Time Build Order
Export as new Build Order

tigro Terran 

Build Orders:  

Get SALT Encoding   

  12  0:11  Refinery  
  12  0:29  Supply Depot  
  12  0:31  SCV  
  13  0:43  SCV  
  13  0:45  Refinery  
  14  0:55  SCV  
  15  1:07  Barracks  
  15  1:25  SCV  
  17  1:54  SCV  
  17  1:58  Marine  
  18  2:06  SCV  
  19  2:16  Marine  
  19  2:20  Supply Depot  
  20  2:34  Marine  
  19  2:51  Marine  
  19  3:09  Marine  
  20  3:25  SCV  
  21  3:27  Marine  
  22  3:37  SCV  
Show
View Real Time Build Order
Export as new Build Order

IA (Más difícil) Zerg 

Build Orders: Pool Only 

Get SALT Encoding   

  12  0:01  Drone  
  13  0:12  Overlord  
  13  0:17  Drone  
  14  0:30  Drone  
  14  0:31  Drone  
  16  0:45  Spawning Pool  
  16  0:46  Drone  
  16  0:50  Drone  
  16  0:53  Extractor  
  16  0:56  Drone  
  17  1:06  Overlord  
  17  1:32  Queen  
  17  1:34  Zergling x2  
  17  1:38  Drone  
  17  1:39  Roach Warren  
  20  1:42  Zergling x2  
  20  1:46  Extractor  
  20  1:49  Drone  
  21  2:00  Drone  
  22  2:10  Overlord  
  22  2:21  Drone  
  23  2:32  Roach  
  24  2:40  Drone  
  24  2:41  Zergling x2  
  26  2:46  Overlord  
  26  2:49  Roach  
  30  2:58  Roach  
  29  3:07  Roach  
  31  3:15  Zergling x2  
  32  3:21  Overlord  
  32  3:24  Roach  
Show
View Real Time Build Order
Export as new Build Order

IA (Más difícil) Zerg 

Build Orders: Hatch First 

Get SALT Encoding   

  12  0:01  Drone  
  13  0:12  Overlord  
  13  0:17  Drone  
  14  0:31  Drone x2  
  14  0:34  Drone  
  17  0:53  Hatchery  
  17  0:56  Drone  
  17  1:13  Spawning Pool, Drone  
  17  1:17  Drone  
  18  1:20  Extractor  
  18  1:22  Drone  
  18  1:29  Overlord  
  18  1:38  Drone  
  19  2:00  Zergling x4, Queen  
  23  2:02  Roach Warren  
  23  2:04  Drone  
  23  2:07  Extractor  
  22  2:17  Baneling Nest  
  22  2:21  Drone  
  22  2:24  Drone  
  22  2:28  Zergling x2  
  23  2:31  Zergling x2  
  23  2:36  Zergling x2  
  25  2:40  Drone  
  26  2:49  Roach  
  28  3:01  Baneling x2  
  27  3:06  Drone  
  27  3:09  Overlord, Drone  
  29  3:15  Extractor  
  25  3:35  Extractor  
Show
View Real Time Build Order
Export as new Build Order

IA (Más difícil) Terran 

Build Orders:  

Get SALT Encoding   

  12  0:01  SCV  
  13  0:13  SCV  
  14  0:19  Supply Depot  
  14  0:25  SCV  
  15  0:40  SCV  
  16  0:46  Barracks  
  16  0:53  SCV  
  17  1:05  SCV  
  18  1:18  Command Center  
  18  1:32  Marine, Orbital Command  
  19  1:40  Supply Depot  
  19  1:48  Refinery  
  19  1:50  Marine  
  20  1:57  SCV  
  21  2:04  Barracks  
  21  2:10  SCV  
  21  2:11  Refinery  
  22  2:29  Marine  
  21  2:38  SCV  
  22  2:47  Marine  
  23  2:51  Factory  
  23  2:52  Marine, Refinery  
  24  3:01  Refinery  
  24  3:05  Marine  
  25  3:09  SCV  
  25  3:10  Marine  
  24  3:19  SCV  
  24  3:22  Marine, SCV  
  23  3:28  Barracks Tech Lab  
  18  3:34  SCV  
  18  3:38  SCV  
  21  3:50  Barracks Tech Lab  
Tags
 
Add a new tag
Caveats
  • Supply blocks, unpowered buildings, or Contaminate may cause inaccurate times.
  • Supply counts are checked every 10 seconds.